 Dungeon Crawl Stone Soup version 0.27.1-33-g824d729ab1 (webtiles) character file.

Game seed: 7477932365754139383

9291 Cykl0x the Carver (level 11, 0/64 HPs)
             Began as a Gargoyle Gladiator on Dec 27, 2021.
             Was a High Priest of the Shining One.
             Slain by a sixfirhy (3 damage)
             ... summoned by a kobold demonologist
             ... on level 10 of the Dungeon.
             The game lasted 00:20:49 (13237 turns).

Cykl0x the Carver (Gargoyle Gladiator)             Turns: 13237, Time: 00:20:50

Health: 0/64       AC: 18    Str: 22    XL:     11   Next: 44%
Magic:  5/19       EV: 17    Int:  8    God:    the Shining One [*****.]
Gold:   1595       SH:  8    Dex: 11    Spells: 11/21 levels left

rFire    . . .     SeeInvis .   a - +1 long sword (freeze)
rCold    . . .     Faith    .   (no shield)
rNeg     + + +     Spirit   .   f - +2 steam dragon scales
rPois    ∞         Reflect  .   c - +0 helmet
rElec    +         Harm     .   i - +0 cloak
rCorr    .         Rampage  .   (no gloves)
Will     .....                  (no boots)
Stlth    +.........             (no amulet)
HPRegen  0.20/turn              o - +4 ring of evasion
MPRegen  0.16/turn              (no ring)

@: divinely shielded, glowing, studying Crossbows
A: sickness immunity, AC +8, negative energy resistance 1, electricity
resistance, torment resistance 1, petrification resistance
a: Renounce Religion, Divine Shield, Cleansing Flame, Summon Divine Warrior


You were on level 10 of the Dungeon.
You worshipped the Shining One.
The Shining One was extremely pleased with you.
You visited 2 branches of the dungeon, and saw 11 of its levels.

You collected 1595 gold pieces.

Inventory:

Hand Weapons
 a - a +1 long sword of freezing (weapon)
 d - a +1 short sword of speed
Missiles
 e - 332 stones
 l - 30 poisoned darts
 r - a throwing net
Armour
 b - a +0 leather armour
 c - a +0 helmet (worn)
 f - +2 steam dragon scales (worn)
 h - a +0 ring mail
 i - a +0 cloak (worn)
 z - a +0 buckler
Jewellery
 o - a +4 ring of evasion (left hand)
Wands
 w - a wand of charming (10)
 x - a wand of digging (5)
 y - a wand of polymorph (12)
 C - a wand of acid (5)
Scrolls
 j - 3 scrolls of amnesia
 k - 2 scrolls of enchant weapon
 t - a scroll of immolation
 u - 2 scrolls of teleportation
 B - a scroll of magic mapping
 D - a scroll of silence
Potions
 g - 4 potions of curing
 m - 5 potions of lignification
 n - 3 potions of degeneration
 p - 3 potions of cancellation
 q - 3 potions of mutation
 s - 2 potions of resistance
 v - 3 potions of berserk rage
 A - a potion of attraction {unknown}


   Skills:
 + Level 5.8 Fighting
 + Level 8.9 Long Blades
 - Level 4.5 Throwing
 + Level 4.0 Armour
 + Level 4.7 Dodging
 + Level 0.1 Shields
 + Level 5.9 Spellcasting
 * Level 5.0 Conjurations
 * Level 1.7 Transmutations
 * Level 3.3 Fire Magic
 + Level 4.7 Earth Magic
 * Level 6.6 Invocations


You had 11 spell levels left.
You knew the following spells:

 Your Spells              Type           Power      Damage    Failure   Level
a - Stone Arrow           Conj/Erth      20%        3d8       10%         3
b - Bolt of Magma         Conj/Fire/Erth 4%         4d5       73%         5
c - Wereblood             Tmut           5%         N/A       19%         2

Your spell library contained the following spells:

 Spells                   Type           Power      Damage    Failure   Level
 Summon Guardian Golem    Hex/Summ       2%         N/A       58%         3
 Dispersal                Tloc           1%         N/A       100%        6
 Orb of Destruction       Conj           5%         9d2       100%        7
 Spellforged Servitor     Conj/Summ      3%         N/A       100%        7
 Summon Hydra             Summ           1%         N/A       100%        7
 Disjunction              Tloc           1%         N/A       100%        8
 Shatter                  Erth           5%         3d8*      100%        9
 Sublimation of Blood     Necr           Unusable   N/A       N/A         2

Dungeon Overview and Level Annotations

Branches:
Dungeon (10/15)            Temple (1/1) D:4            Lair (0/6) D:8
    Orc (0/2) D:10

Altars:
Ashenzari
Cheibriados
Dithmenos
Elyvilon
Fedhas
Gozag
Hepliaklqana
Kikubaaqudgha
Makhleb
Nemelex Xobeh
Okawaru
Ru
Sif Muna
Uskayaw
Vehumet
Wu Jian
Xom
Zin
The Shining One

Annotations:
D:7 4 runed translucent doors


Innate Abilities, Weirdness & Mutations

You are immune to sickness and miasma.
Your stone body is resilient. (AC +8)
You are immune to poison.
You resist negative energy. (rN+)
You are resistant to electric shocks. (rElec)
You are resistant to unholy torment.
You are immune to petrification.


Message History

The ice devil hits you but does no damage.
Unknown command.
You slash the kobold demonologist! You freeze the kobold demonologist.
You kill the kobold demonologist!
The Shining One accepts your kill.
You feel your power returning.
The ice devil disappears in a puff of smoke!
The white imp disappears in a puff of smoke!
The quasit disappears in a puff of smoke!
You slash the kobold! You freeze the kobold.
You kill the kobold!
A kobold and a kobold demonologist come into view.
The kobold demonologist shouts!
The kobold shouts!
Items here: )) [ †.
You hit the kobold but do no damage. The kobold misses you.
You riposte.
You barely miss the kobold. You hit the kobold. You freeze the kobold.
The kobold is severely wounded.
You barely miss the kobold.
The kobold is severely wounded.
You block the kobold's attack.
The kobold demonologist casts a spell.
You hit the kobold. You freeze the kobold.
You kill the kobold!
You slash the kobold demonologist! You freeze the kobold demonologist.
The kobold demonologist is moderately wounded.
The kobold demonologist hits you but does no damage.
You closely miss the kobold demonologist.
The kobold demonologist is moderately wounded.
The kobold demonologist gestures wildly while chanting.
You slash the kobold demonologist! You freeze the kobold demonologist.
The kobold demonologist is severely wounded.
The sixfirhy hits you.
* * * LOW HITPOINT WARNING * * *
The sixfirhy shocks you. You resist.
* * * LOW HITPOINT WARNING * * *
The sixfirhy hits you!
* * * LOW HITPOINT WARNING * * *
The sixfirhy shocks you. You resist.
You die...

....#.####.#.#.†#.........#..####
......# #.#)#..#....8....####
_.....####.#.#)#####...####
...........#.#.# .#..##
..8....#####.#.# .#.## ........#
#.#.# K#. ...._...# #.#.# .##
........####.#.###.#####.
#............#.3@K4......
###...############.###### #####
##


You could see an ice devil (summoned), a kobold demonologist and a sixfirhy
(summoned).

Vanquished Creatures
  2 two-headed ogres
  Joseph (D:9)
  A kobold demonologist (D:10)
  Maggie (D:6)
  Grinder (D:3)
  2 shadows (D:10)
  A wyvern (D:8)
  14 yaks
  3 wargs (D:8)
  3 water moccasins
  A two-headed ogre zombie (D:10)
  3 orc warriors
  A sky beast (D:5)
  2 black bears
  A necrophage (D:5)
  A centaur (D:7)
  2 ogres
  2 phantoms
  2 kobold brigands (D:8)
  A gnoll sergeant (D:10)
  A bullfrog (D:9)
  A wyvern zombie (D:8)
  A scorpion (D:7)
  A water moccasin skeleton (D:6)
  A killer bee (D:4)
  3 howler monkeys (D:10)
  4 wights (D:10)
  4 centaur zombies
  A bullfrog zombie (D:5)
  4 jellies
  4 hounds
  4 orc priests
  9 orc wizards
  3 iguanas
  A killer bee zombie (D:8)
  7 ogre zombies (D:10)
  2 hound zombies (D:5)
  3 howler monkey zombies
  A howler monkey skeleton (D:7)
  6 gnolls
  5 adders
  A shadow imp (D:8)
  A white imp (D:5)
  An ufetubus (D:6)
  An adder skeleton (D:4)
  3 worms
  3 dart slugs
  28 orcs
  4 ball pythons
  6 endoplasms
  5 giant cockroaches
  2 goblins
  12 hobgoblins
  6 jackals
  23 kobolds
  A quokka (D:1)
  7 bats
  3 frilled lizards
  A goblin skeleton (D:10)
  4 goblin zombies (D:10)
  4 hobgoblin zombies (D:10)
  3 orc skeletons (D:10)
  13 orc zombies (D:10)
  8 rats
251 creatures vanquished.

Vanquished Creatures (others)
  A plant (D:6)
1 creature vanquished.

Grand Total: 252 creatures vanquished

Notes
Turn   | Place    | Note
-------+----------+-------------------------------------------
     0 | D:1      | Cykl0x the Gargoyle Gladiator began the quest for the Orb.
     0 | D:1      | Reached XP level 1. HP: 12/12 MP: 1/1
   292 | D:1      | Reached XP level 2. HP: 15/17 MP: 2/2
   628 | D:1      | Reached XP level 3. HP: 22/22 MP: 4/4
   828 | D:1      | Reached skill level 3 in Long Blades
  1302 | D:2      | Found a hide-covered altar of Uskayaw.
  1337 | D:2      | Reached skill level 1 in Spellcasting
  1408 | D:2      | Reached skill level 1 in Armour
  1408 | D:2      | Reached XP level 4. HP: 23/27 MP: 5/5
  1984 | D:3      | Found a faded altar of an unknown god.
  2031 | D:3      | Noticed a phantom
  2044 | D:3      | Killed a phantom
  2045 | D:3      | Reached XP level 5. HP: 29/32 MP: 5/7
  2305 | D:3      | Found an opulent altar of Gozag.
  2568 | D:3      | Noticed an ogre
  2579 | D:3      | Killed an ogre
  2580 | D:3      | Reached skill level 4 in Long Blades
  2580 | D:3      | Reached XP level 6. HP: 37/37 MP: 8/8
  2609 | D:3      | Noticed Grinder
  2610 | D:3      | Paralysed by Grinder for 5 turns
  2635 | D:3      | Killed Grinder
  2636 | D:3      | Reached XP level 7. HP: 22/41 MP: 8/10
  3682 | D:4      | Found a staircase to the Ecumenical Temple.
  3698 | Temple   | Entered the Ecumenical Temple
  3727 | Temple   | Became a worshipper of the Shining One
  4503 | D:5      | Entered Level 5 of the Dungeon
  4512 | D:5      | Reached skill level 5 in Long Blades
  4667 | D:5      | Found a burning altar of Makhleb.
  4681 | D:5      | Reached skill level 1 in Invocations
  4696 | D:5      | Reached XP level 8. HP: 46/46 MP: 12/12
  5510 | D:6      | Noticed Maggie
  5531 | D:6      | Killed Maggie
  6003 | D:6      | Reached skill level 6 in Long Blades
  6007 | D:6      | Learned a level 3 spell: Stone Arrow
  6057 | D:6      | Reached XP level 9. HP: 50/52 MP: 15/15
  6650 | D:7      | Reached skill level 1 in Conjurations
  6650 | D:7      | Reached skill level 1 in Earth Magic
  6726 | D:7      | Reached * piety under the Shining One
  6968 | D:7      | Found a huge runed translucent gate.
  6969 | D:7      | Found a huge runed translucent gate.
  6973 | D:7      | Found a huge runed translucent gate.
  6973 | D:7      | Noticed a polar bear
  6973 | D:7      | Noticed a polar bear
  7346 | D:7      | Found a huge runed translucent gate.
  7347 | D:7      | Noticed a polar bear
  7917 | D:7      | Found a sparkling altar of Nemelex Xobeh.
  8078 | D:7      | Noticed a polar bear
  8545 | D:8      | Reached skill level 7 in Long Blades
  8576 | D:8      | Found a staircase to the Lair.
  8853 | D:8      | Reached XP level 10. HP: 48/58 MP: 11/17
  8859 | D:8      | Reached skill level 5 in Spellcasting
  9060 | D:8      | Reached skill level 5 in Fighting
  9353 | D:8      | Reached ** piety under the Shining One
  9358 | D:8      | Reached skill level 5 in Invocations
  9611 | D:8      | Learned a level 5 spell: Bolt of Magma
 10417 | D:9      | Reached skill level 1 in Fire Magic
 10617 | D:9      | Noticed Joseph
 10640 | D:9      | Killed Joseph
 10665 | D:9      | Reached skill level 8 in Long Blades
 10962 | D:9      | Found a radiant altar of Vehumet.
 11109 | D:9      | Identified a scroll of acquirement
 11109 | D:9      | Acquired 1007 gold pieces
 11204 | D:9      | Noticed a two-headed ogre
 11211 | D:9      | Killed a two-headed ogre
 11539 | D:9      | Found an iron altar of Okawaru.
 12016 | D:10     | Entered Level 10 of the Dungeon
 12256 | D:10     | Learned a level 2 spell: Wereblood
 12271 | D:10     | Reached XP level 11. HP: 64/64 MP: 7/19
 12439 | D:10     | Reached *** piety under the Shining One
 12511 | D:10     | Reached **** piety under the Shining One
 12512 | D:10     | Reached skill level 1 in Transmutations
 12562 | D:10     | Found a staircase to the Orcish Mines.
 12563 | D:10     | Reached ***** piety under the Shining One
 12945 | D:10     | Found an ancient bone altar of Kikubaaqudgha.
 12950 | D:10     | Found an ornate altar of the Wu Jian Council.
 13065 | D:10     | Noticed a two-headed ogre
 13071 | D:10     | Killed a two-headed ogre
 13072 | D:10     | Reached skill level 5 in Conjurations
 13082 | D:10     | Identified the +10 shortbow of Weuweacw {flame, rN+ Str+4
                  | Dex-4}
 13212 | D:10     | Noticed a sixfirhy
 13237 | D:10     | Noticed a sixfirhy
 13237 | D:10     | HP: 3/64 [sixfirhy[a kobold demonologist] (8)]
 13237 | D:10     | Slain by a sixfirhy

Illustrated notes

Levels and vault maps discovered:
D:1:      minmay_arrival_five_plusses, layout_loops_ring,
          hangedman_decor_peaks_small, corexii_leaking_fountain
D:2:      layout_basic, basic_altar
D:3:      layout_loops_corners, mainiacjoe_overflow_six_doors_small,
          shapermc_ecumenical_altar_flowoftime, uniq_grinder
D:4:      mumra_celtic_spiral_tile, layout_rooms, minmay_temple_entry_junction,
          minmay_manual_mullet
D:5:      layout_rooms, kennysheep_mini_moat
D:6:      layout_basic, serial_bayou_pond_a, uniq_maggie
D:7:      lemuel_bear_cage, layout_layer_cave, mainiacjoe_overflow_paths,
          serial_bayou_pond_b
D:8:      layout_basic, erik_lair_orcish_takeover, kennysheep_generic_room_9
D:9:      layout_grid_maze, general_overflow_altar,
          mainiacjoe_overflow_cross_hatched, uniq_joseph
D:10:     layout_loops_ring, grunt_temple_overflow_open, zombieorc2_lemuel,
          eino_small_chamber_without_monster
Temple:   eino_wide_crystal_templ

Skill      XL: |  1  2  3  4  5  6  7  8  9 10 11 |
---------------+----------------------------------+-----
Long Blades    | 3 4 5 6 7 8 |  8.9
Throwing       | 2 3 4 |  4.5
Spellcasting   | 1 2 3 4 5 |  5.9
Armour         | 1 2 3 4 |  4.0
Dodging        | 3 4 |  4.7
Fighting       | 3 4 5 |  5.8
Invocations    | 1 3 4 5 6 |  6.6
Conjurations   | 3 4 5 |  5.0
Earth Magic    | 3 4 |  4.7
Fire Magic     | 2 3 |  3.3
Transmutations | 1 |  1.7
Shields        | |  0.1

Action                   |  1- 3 |  4- 6 |  7- 9 | 10-12 || total
-------------------------+-------+-------+-------+-------++-------
Melee: Long sword        |    84 |    63 |   358 |   328 ||   833
Throw: Stone             |    66 |    11 |    22 |       ||    99
       Dart              |       |    23 |    86 |       ||   109
       Throwing net      |       |     3 |     1 |       ||     4
 Cast: Stone Arrow       |       |       |    11 |    55 ||    66
       Wereblood         |       |       |       |    10 ||    10
Invok: Divine Shield     |       |       |       |     2 ||     2
  Use: Scroll            |     3 |     4 |    15 |     4 ||    26
       Potion            |       |       |     7 |       ||     7
 Stab: Held in net/web   |       |     1 |       |       ||     1
Armor: Leather armour    |    29 |       |       |       ||    29
       Ring mail         |    16 |    27 |    76 |       ||   119
       Steam dragon scal |       |       |    59 |   124 ||   183
Dodge: Dodged            |    76 |    28 |   328 |   221 ||   653
Block: Other             |       |       |       |    11 ||    11
       Rpst.: Long sword |    24 |     9 |    84 |    51 ||   168
